 Dungeon Crawl Stone Soup version 0.18.1-6-gd335043 (webtiles) character file.

88 protoss039 the Shield-Bearer (level 4, -2/29 HPs)
             Began as a Gargoyle Fighter on May 20, 2016.
             Killed by nerve-wracking pain
             ... invoked by Jessica
              (11 damage)
             ... on level 2 of the Dungeon.
             The game lasted 00:07:30 (1303 turns).

protoss039 the Shield-Bearer (Gargoyle Fighter)     Turns: 1303, Time: 00:07:31

Health: -2/29      AC:  9    Str: 20    XL:     4   Next: 53%
Magic:  4/4        EV:  8    Int:  9    God:
Gold:   87         SH:  9    Dex:  9    Spells: 0 memorised, 3 levels left

rFire  . . .     SeeInvis .     a - +1 flail
rCold  . . .     Gourm    .     k - +0 ring mail
rNeg   + . .     Faith    .     c - +0 shield
rPois  ∞         Spirit   .     (no helmet)
rElec  +         Dismiss  .     (no cloak)
rCorr  .         Reflect  .     (no gloves)
SustAt .         Harm     .     (no boots)
MR     .....                    (no amulet)
Stlth  ..........               (no ring)
                                (no ring)

@: not resistant to hostile enchantments, extremely unstealthy
A: negative energy resistance 1, electricity resistance, unbreathing,
petrification resistance, rot immunity, AC +3
a: no special abilities


You were on level 2 of the Dungeon.
You were not hungry.

You visited 1 branch of the dungeon, and saw 2 of its levels.

You collected 87 gold pieces.

Inventory:

Hand Weapons
 a - a +1 flail (weapon)
Armour
 b - a +0 scale mail
 c - a +0 shield (worn)
 k - a +0 ring mail (worn)
Wands
 n - a wand of random effects (15/48)
Scrolls
 m - a scroll of enchant weapon
Potions
 d - a potion of might
 e - 2 potions of flight
 l - a potion of lignification {unknown}
 o - a potion of invisibility {unknown}
Comestibles
 f - 3 bread rations
 g - 2 chunks of flesh
 h - a beef jerky
 i - 3 fruits
 j - 2 meat rations


   Skills:
 + Level 3.9 Fighting
 * Level 2.7 Maces & Flails
 + Level 3.5 Armour
 - Level 0.1 Dodging
 + Level 4.4 Shields


You had 3 spell levels left.
You didn't know any spells.

Dungeon Overview and Level Annotations

Branches:
Dungeon (2/15)

Altars:
Nemelex Xobeh
Xom

Annotations:
D:2 Jessica


Innate Abilities, Weirdness & Mutations

You are resistant to torment.
Your stone body is resilient (AC +3).
You are immune to poison.
You resist negative energy.
You are resistant to electric shocks.
You can survive without breathing.
You are immune to petrification.
You are immune to rotting.


Message History

Pain shoots through your body!
Found a sparkling altar of Nemelex Xobeh.
Zapping:
n - a wand of random effects (will waste charges)
Press: ? - help, Shift-Dir - straight line, f - Jessica
Aim: Jessica, wielding a club and wearing a robe Jessica flickers and vanishes!
Deactivating autopickup; reactivate with Ctrl-A.
Evoking this partially-identified wand wasted a few charges.
Pain shoots through your body!
Something tries to affect you, but you resist.
You hear some strange, mumbled words.
Pain shoots through your body! Something hits you but does no damage.
Something hits you but does no damage.
You hit something. You block something's attack.
Some of the chunks of flesh in your inventory have rotted away.
You barely miss something.
You hear some strange, mumbled words.
Pain shoots through your body!
You die...

# #...#
###########...#
..............#
####..).......#
.............[#
##...######...#
...###...##...##
##............<#####
###............@{.##
#............##..#
###################.#
.(..................#
..#...#...#...#...#.#
_...................#
..#...#...#...#...###
...................#
####################


There were no monsters in sight!

Vanquished Creatures
  Terence (D:2)
  2 adders (D:2)
  An ooze (D:1)
  A dart slug (D:2)
  2 giant geckos
  3 bats
  3 giant cockroaches
  5 goblins
  4 hobgoblins
  2 quokkas (D:2)
  A ball python (D:2)
  3 giant newts
  2 kobolds
  4 rats
34 creatures vanquished.

Notes
Turn   | Place    | Note
--------------------------------------------------------------
     0 | D:1      | protoss039 the Gargoyle Fighter began the quest for the Orb.
     0 | D:1      | Reached XP level 1. HP: 14/14 MP: 1/1
    65 | D:1      | Reached XP level 2. HP: 19/19 MP: 2/2
   514 | D:2      | Reached XP level 3. HP: 19/23 MP: 3/3
   577 | D:2      | Reached skill level 4 in Shields
   685 | D:2      | Found a shimmering altar of Xom.
   709 | D:2      | Noticed Terence
   760 | D:2      | Killed Terence
   760 | D:2      | Reached XP level 4. HP: 7/29 MP: 4/4
  1278 | D:2      | Noticed Jessica
  1279 | D:2      | Found a sparkling altar of Nemelex Xobeh.
  1303 | D:2      | Killed from afar by Jessica

Skill      XL: |  1  2  3 |
---------------+----------+-----
Shields        | 4 |  4.4
Fighting       | |  3.9
Maces & Flails | |  2.7
Armour         | |  3.5
Dodging        | |  0.1

Action                   |  1- 3 |  4- 6 || total
-------------------------+-------+-------++-------
Melee: Flail             |   105 |    12 ||   117
Evoke: Wand              |       |     1 ||     1
  Use: Scroll            |     5 |       ||     5
  Eat: Chunk             |       |     1 ||     1
Armor: Scale mail        |    34 |       ||    34
       Ring mail         |    42 |     6 ||    48
Dodge: Dodged            |    49 |     2 ||    51
Block: Shield            |    70 |     8 ||    78
